Map: Ultralove

Players

wootwoot - Winner!

  • Race: Terran Terran
  • League: Silver
  • Spawn Location: 1:00

neoforce

  • Race: Terran Terran
  • League: Silver
  • Spawn Location: 7:00

VOD

Have the link to the VOD?

Description

Time

  • Played on: April 21, 2025, 10:31 a.m.
  • Length: 3:09
Show
View Real Time Build Order
Export as new Build Order

wootwoot Terran - Winner!

Build Orders:  

Get SALT Encoding   

  12  0:00  SCV  
  13  0:12  SCV  
  14  0:17  Supply Depot  
  14  0:24  SCV  
  15  0:29  Refinery  
  15  0:39  SCV  
  16  0:48  Barracks  
  16  1:03  Barracks  
  16  1:18  Barracks  
  16  1:26  Refinery  
  16  1:35  Reaper  
  17  1:50  Reaper  
  17  1:53  Orbital Command  
  18  2:05  Reaper  
  18  2:07  Reaper  
  20  2:22  SCV, Reaper  
  22  2:35  SCV  
  25  2:48  SCV  
Show
View Real Time Build Order
Export as new Build Order

neoforce Terran 

Build Orders:  

Get SALT Encoding   

  12  0:01  SCV  
  13  0:13  SCV  
  14  0:22  Supply Depot  
  14  0:25  SCV  
  15  0:30  Refinery  
  15  0:44  SCV  
  15  0:48  Barracks  
  16  1:00  Barracks  
  16  1:06  Refinery  
  16  1:09  SCV  
  17  1:21  SCV  
  18  1:33  SCV  
  18  1:38  Supply Depot  
  19  1:45  SCV  
  20  1:48  Barracks Reactor  
  20  1:55  Barracks Reactor  
  20  2:06  SCV  
  20  2:07  Supply Depot  
  21  2:18  SCV  
  21  2:24  Reaper x2  
  21  2:31  Reaper x2  
  15  2:52  SCV  
Tags
 
Matchup
TvT
Race
Terran
Replay Pack
#1B2M-Replays
Spawn Locations
Cross Positions
Add a new tag
Caveats
  • Supply blocks, unpowered buildings, or Contaminate may cause inaccurate times.
  • Supply counts are checked every 10 seconds.